 Dungeon Crawl Stone Soup version 0.25.0-46-gbd7b0854d2 (webtiles) character file.

Game seed: 290690180181274580

52 Milting the Skirmisher (level 3, -13/33 HPs)
             Began as a Draconian Berserker on July 12, 2020.
             Was an Initiate of Yredelemnul.
             Mangled by a polar bear (24 damage)
             ... created by the rage of Trog
             ... on level 2 of the Dungeon.
             The game lasted 00:03:06 (1123 turns).

Milting the Skirmisher (Draconian Berserker)        Turns: 1123, Time: 00:03:07

Health: -13/33     AC:  5    Str: 20    XL:     3   Next: 60%
Magic:  3/3        EV: 13    Int:  7    God:    Yredelemnul [......]
Gold:   66         SH:  0    Dex: 10    Spells: 2/2 levels left

rFire    . . .     SeeInvis .   a - +0 falchion
rCold    . . .     Gourm    .   (no shield)
rNeg     . . .     Faith    .   (armour unavailable)
rPois    .         Spirit   .   (helmet restricted)
rElec    .         Reflect  .   (no cloak)
rCorr    .         Harm     .   (no gloves)
MR       .....                  (no boots)
Stlth    +.........             (no amulet)
HPRegen  0.11/turn              (no ring)
MPRegen  0.08/turn              (no ring)

@: no status effects
A: unfitting armour, cold-blooded, AC +5
a: Renounce Religion


You were on level 2 of the Dungeon.
You worshipped Yredelemnul.
Yredelemnul was noncommittal.
You were hungry.

You visited 1 branch of the dungeon, and saw 2 of its levels.

You collected 66 gold pieces.

Inventory:

Hand Weapons
 a - a +0 falchion (weapon)
Missiles
 e - 89 stones (quivered)
Armour
 k - a cursed +0 robe
Jewellery
 l - an uncursed amulet of guardian spirit {unknown}
Scrolls
 d - 2 scrolls of remove curse {unknown}
 f - a scroll of identify {unknown}
 i - a scroll of magic mapping {unknown}
Potions
 g - a potion of cancellation {unknown}
 h - 2 potions of mutation {unknown}
 j - a potion of lignification {unknown}
Comestibles
 b - 4 rations
 c - 5 chunks of flesh


   Skills:
 + Level 4.0 Fighting
 + Level 3.5 Long Blades
 + Level 3.2 Dodging


You had 2 spell levels left.
You didn't know any spells.
Your spell library was empty.

Dungeon Overview and Level Annotations

Branches:
Dungeon (2/15)

Altars:
Yredelemnul


Innate Abilities, Weirdness & Mutations

Your plain brown scales are hard. (AC +5)
You cannot fit into any form of body armour.
You are cold-blooded and may be slowed by cold attacks.


Message History

The worm bites you.
You hit the worm.
The worm is severely wounded.
The worm closely misses you.
You riposte.
You barely miss the worm.
The worm is heavily wounded.
Trog sends monsters to punish you. 3 polar bears and a black bear come into view.
You hit the worm.
The worm is severely wounded.
You hit the worm.
The worm is almost dead.
The polar bear rages.
The polar bear bites you! The polar bear barely misses you.
The polar bear completely misses you. The worm barely misses you.
You slash the polar bear!
Your tail-slap misses the polar bear.
The polar bear is lightly wounded.
The polar bear bites you!!
Ouch! That really hurt!
You die...
Your body rises from the dead as a mindless zombie.

##### ########...#
#$.........#######
..........!....... .
................# ..
......hhh.....# ###.
......w@h....# ##...
.............###..#
%...........÷.##.####.#.
............#÷......(...
#..........###..#####..#
############ #).# ##..#
#...# ......#.##


You could see 3 polar bears, a black bear (berserk) and a worm.

Vanquished Creatures
  An adder (D:2)
  A dart slug (D:1)
  2 leopard geckos (D:1)
  3 bats (D:1)
  2 giant cockroaches (D:1)
  7 goblins (D:1)
  5 hobgoblins
  3 jackals (D:1)
  4 kobolds (D:1)
  2 quokkas (D:2)
  2 frilled lizards (D:1)
  A rat (D:2)
33 creatures vanquished.

Notes
Turn   | Place    | Note
-------+----------+-------------------------------------------
     0 | D:1      | Milting the Draconian Berserker began the quest for the
                  | Orb.
     0 | D:1      | Reached XP level 1. HP: 19/19 MP: 1/1
   149 | D:1      | Reached XP level 2. HP: 26/26 MP: 2/2
   578 | D:1      | Reached XP level 3. HP: 33/33 MP: 3/3
   958 | D:2      | Found a basalt altar of Yredelemnul.
   972 | D:2      | Reached skill level 4 in Fighting
   977 | D:2      | Fell from the grace of Trog
   977 | D:2      | Became a worshipper of Yredelemnul the Dark
  1121 | D:2      | Noticed a black bear
  1121 | D:2      | Noticed a polar bear
  1121 | D:2      | Noticed a polar bear
  1121 | D:2      | Noticed a polar bear
  1123 | D:2      | Mangled by a polar bear

Illustrated notes

Levels and vault maps discovered:
D:1:      grunt_arrival_lava_bath, layout_loops_ring, minmay_tiny_reverse_x
D:2:      layout_rooms, yredelemnul_altar_generic,
          amethyst_overflow_temple_binary, minmay_misc_feat_tiny, led_sif_pool

Skill      XL: |  1  2  3 |
---------------+----------+-----
Dodging        | 3 |  3.2
Fighting       | 4 |  4.0
Long Blades    | |  3.5

Action                   || total
-------------------------++-------
Melee: Falchion          ||   105
       Tailslap          ||    10
Armor: Skin              ||    32
Dodge: Dodged            ||   102
       Rpst.: Falchion   ||    26
